 Dungeon Crawl Stone Soup version 0.29-a0-506-ga2e7fffb44 (webtiles) character file.

Game seed: 14253489885418716647

20 NateTC the Poker (level 2, 0/36 HPs)
             Began as a Merfolk Berserker on May 28, 2022.
             Was a Follower of Trog.
             Slain by a dart slug (3 damage)
             ... on level 1 of the Dungeon.
             The game lasted 00:00:49 (303 turns).

NateTC the Poker (Merfolk Berserker)                 Turns: 303, Time: 00:00:50

Health: 0/36       AC:  2    Str: 17    XL:     2   Next: 79%
Magic:  2/2        EV: 12    Int:  6    God:    Trog [*.....]
Gold:   26         SH:  0    Dex: 13    Spells: 1/1 levels left

rFire   . . .      SeeInvis .   a - +0 spear
rCold   . . .      Faith    .   (no shield)
rNeg    . . .      Spirit   .   b - +0 animal skin
rPois   .          Reflect  .   (no helmet)
rElec   .          Harm     .   (no cloak)
rCorr   +          Rampage  .   (no gloves)
Will    .....                   (no boots)
Stlth   ..........              (no amulet)
HPRegen 0.12/turn               c - ring of resist corrosion
MPRegen 0.08/turn               (no ring)

@: berserking, very quick
A: (nimble swimmer 2), mertail
a: Renounce Religion, Berserk


You were on level 1 of the Dungeon.
You worshipped Trog.
Trog was aware of your devotion.
You visited 1 branch of the dungeon, and saw 1 of its levels.

You collected 26 gold pieces.

Inventory:

Hand Weapons
 a - a +0 spear (weapon)
Armour
 b - a +0 animal skin (worn)
Jewellery
 c - a ring of resist corrosion (left hand)
Scrolls
 d - 3 scrolls of identify {unknown}
Potions
 e - a potion of magic {unknown}


   Skills:
 - Level 3.2 Fighting
 * Level 5.3 Polearms
 - Level 1.3 Armour
 - Level 2.6 Dodging


You had one spell level left.
You didn't know any spells.
Your spell library was empty.

Dungeon Overview and Level Annotations

Branches:
Dungeon (1/15)

Altars:

Shops:
D:1 *:


Innate Abilities, Weirdness & Mutations

((You are very nimble when in or above water. (Stealth+, EV+, Speed+++)))
Your lower body shifts to a powerful aquatic tail in water.


Message History

You are too injured to fight recklessly!
You are too injured to fight recklessly!
You are too injured to fight recklessly!
The rat attacks as you move away! The rat bites you but does no damage.
The quokka attacks as you move away! The quokka misses you.
You hit the quokka.
The quokka is severely wounded.
The quokka barely misses you.
You barely miss the quokka.
The quokka is heavily wounded.
The quokka barely misses you. The dart slug launches a dart at you.
The slug dart misses you.
You closely miss the quokka.
The quokka is heavily wounded.
The quokka bites you.
You hit the dart slug.
The dart slug is heavily wounded.
The quokka bites you.
* * * LOW HITPOINT WARNING * * *
The dart slug closely misses you.
You hit the dart slug.
The dart slug is severely wounded.
The quokka bites you.
* * * LOW HITPOINT WARNING * * *
You hit the dart slug but do no damage.
The dart slug is severely wounded.
The quokka closely misses you. The dart slug launches a dart at you.
The slug dart misses you.
You hit the dart slug.
The dart slug is almost dead.
The quokka bites you.
* * * LOW HITPOINT WARNING * * *
Okay, then.
A red film seems to cover your vision as you go berserk!
You feel yourself moving faster!
You feel mighty! The quokka bites you.
* * * LOW HITPOINT WARNING * * *
The dart slug bites you.
You die...

.... .. #≈≈.P. ...##.
#≈≈≈(. .....###
#.≈≈≈. #.....# #.#
###.≈P≈. #∩....# #.#
##.'P≈P≈≈ #..†).###.#
#..#.≈PP≈
#...r.....###..#.≈≈PP
###wr###.......#..≈PP
##@####.##...#..≈≈≈
#...∩..###..#...≈≈
####........#♣...≈
##..###>.#♣...≈
#.......##.#♣♣...
#.......# ## ♣♣..
#.......# ##+
#.......# #.......#


You could see a dart slug, a quokka and a rat.

Vanquished Creatures
  A ball python (D:1)
  4 bats (D:1)
  2 endoplasms (D:1)
  5 goblins (D:1)
  A hobgoblin (D:1)
  A kobold (D:1)
  3 frilled lizards (D:1)
  A rat (D:1)
18 creatures vanquished.

Notes
Turn   | Place    | Note
-------+----------+-------------------------------------------
     0 | D:1      | NateTC the Merfolk Berserker began the quest for the Orb.
     0 | D:1      | Reached XP level 1. HP: 18/18 MP: 1/1
    69 | D:1      | Reached XP level 2. HP: 24/24 MP: 2/2
   148 | D:1      | Reached skill level 5 in Polearms
   268 | D:1      | Found Wups's Book Shop.
   277 | D:1      | Found Ydghu's General Store.
   303 | D:1      | Slain by a dart slug

Illustrated notes

Levels and vault maps discovered:
D:1:      tarquinn_simple_flora_water_c, layout_rooms, serial_shops, shop, shop,
          shop

Skill      XL: |  1  2 |
---------------+-------+-----
Polearms       | 5 |  5.3
Fighting       | |  3.2
Armour         | |  1.3
Dodging        | |  2.6

Action                   || total
-------------------------++-------
Melee: Spear             ||    57
Invok: Berserk           ||     1
 Stab: Sleeping          ||     1
Armor: Animal skin       ||    12
Dodge: Dodged            ||    36

Table legend: (Time is in decaauts)
 A = Elapsed time spent in this place.
 B = Non-inter-level travel time spent in this place.
 C = Inter-level travel time spent in this place.
 D = Time resting spent in this place.
 E = Time spent auto-exploring this place.
 F = Levels seen in this place.
 G = Mean time per level.
                   A        B        C        D        E       F      G
               +--------+--------+--------+--------+--------+-----+--------+
         Total |    291 |    291 |      0 |      0 |    183 |   1 |  291.0 |
       Dungeon |    291 |    291 |      0 |      0 |    183 |   1 |  291.0 |
               +--------+--------+--------+--------+--------+-----+--------+

Top non-repeatable levels by time:
     D:1: 291 daAuts
